[Event "Early-Titled-Tuesday-Blitz-February-13-2024"]
[Site "Chess.com"]
[Date "2024.02.13"]
[Round "10"]
[White "Klavdia_Nik"]
[Black "rikchessmx"]
[Result "0-1"]
[WhiteElo "2113"]
[BlackElo "2307"]
[TimeControl "180+1"]
[EndTime "9:59:50 PST"]
[Termination "rikchessmx won on time"]

1. Nf3 Nf6 2. c4 d6 3. d4 g6 4. Nc3 Bg7 5. e4 O-O 6. Be2 Nc6 7. d5 Nb8 8. Nd4 a5 9. O-O Na6 10. Bg5 Nc5 11. f3 Bd7 12. Qd2 c6 13. dxc6 bxc6 14. b3 Ne6 15. Nxe6 Bxe6 16. Bh6 Bxh6 17. Qxh6 d5 18.
exd5 cxd5 19. c5 Qc7 20. Na4 Bd7 21. Rac1 Bxa4 22. bxa4 Rab8 23. Bb5 Nd7 24. Qe3 e6 25. f4 Rfc8 26. c6 Nf6 27. f5 exf5 28. Qd4 Qb6 29. Rfd1 Qxd4+ 30. Rxd4 Kf8 31. h3 Ke7 32. g4 fxg4 33. hxg4 Kd6 34. g5 Ne8 35. Rf1 Rc7 36. Rfd1 Ng7 37. Rxd5+ Ke6 38. Rd7 Rxd7 39. cxd7 Ke7 40.
Re1+ Ne6 41. Kg2 Rd8 42. Kg3 Kd6 43. Rd1+ Kc7 44. Rc1+ Kd6 45. Rc8 Ke7 46. Kg4 Nd4 47. Rc5 Nxb5 48. Rxb5 Rxd7 49. Rxa5 Rd2 50. Ra7+ Kf8 51.
Ra8+ Kg7 52. a5 Rxa2 53. a6 Ra4+ 54. Kg3 h5 55. gxh6+ Kxh6 56. a7 Kg5 57. Kf3 f5 58. Kg3 Ra3+ 59. Kf2 Kf4 60. Rg8 Ra2+ 61. Kf1 Rxa7 62.
Rxg6 Ra2 63. Rg8 Ke3 64. Re8+ Kf3 0-1

[Event "Early-Titled-Tuesday-Blitz-February-13-2024"]
[Site "Chess.com"]
[Date "2024.02.13"]
[Round "10"]
[White "alexrustemov"]
[Black "FGHSMN"]
[Result "0-1"]
[WhiteElo "2832"]
[BlackElo "2977"]
[TimeControl "180+1"]
[EndTime "9:59:51 PST"]
[Termination "FGHSMN won on time"]

1. d4 Nf6 2. c4 e6 3. Nf3 Bb4+ 4. Bd2 c5 5. Bxb4 cxb4 6. g3 O-O 7. Bg2 d6 8. O-O Nc6 9. Qd3 Qe7 10. Nbd2 a5 11. e4 e5 12. a3 bxa3 13. bxa3 b6 14. Rab1 Qc7 15. Rb2 Ba6 16. Rfb1 Rab8 17. h3 Rfc8 18. Qe3 Nd7 19. Bf1 h6 20. Kh2 Nd8 21. c5 Bxf1 22.
cxd6 Qxd6 23. Nxf1 Nc6 24. d5 Ne7 25. N1d2 Rc5 26.
Qd3 Rbc8 27. a4 Rc3 28. Qe2 Qf6 29. Kg2 h5 30. h4 R8c5 31. Rb3 Rc2 32. R1b2 Rxb2 33. Rxb2 Nc8 34. Nc4 g6 35. Nfd2 Qd8 36. Qd3 Qc7 37. Qb3 Nd6 38. Nxd6 Qxd6 39. Nc4 Qc7 40. Nxb6 Rc3 41. Qb5 Nxb6 42. Qxb6 Qc4 43. f3 Rc1 44. Rf2 Qxa4 45. Qb8+ Kh7 46. Qf8 Qd7 47. Rb2 a4 48. Qb8 a3 49. Rb7 Rc2+ 50.
Kg1 a2 0-1

[Event "Early-Titled-Tuesday-Blitz-February-13-2024"]
[Site "Chess.com"]
[Date "2024.02.13"]
[Round "10"]
[White "ansko1999"]
[Black "Licancabur"]
[Result "1-0"]
[WhiteElo "2654"]
[BlackElo "2433"]
[TimeControl "180+1"]
[EndTime "9:59:53 PST"]
[Termination "ansko1999 won on time"]

1. Nf3 d5 2. e3 Nf6 3. b3 Bg4 4. Bb2 Nbd7 5. c4 e6 6. Be2 Bd6 7.
Nc3 c6 8. O-O O-O 9. Rc1 Re8 10.
h3 Bh5 11. d3 a6 12. Rc2 e5 13. cxd5 cxd5 14. d4 Bxf3 15. Bxf3 e4 16. Be2 Rc8 17. Qd2 Rc6 18. Rfc1 Bb8 19. Na4 Qc7 20. g3 h5 21.
Rxc6 bxc6 22. h4 Ng4 23. Bxg4 hxg4 24. Nc5 Nxc5 25. dxc5 f6 26. b4 Qb7 27. Bc3 Qb5 28.
Qd1 f5 29. a4 Qb7 30. Rb1 Be5 31. Bxe5 Rxe5 32. Qb3 Kh7 33. b5 cxb5 34. axb5 axb5 35. Qxb5 Qxb5 36. Rxb5 Re7 37. c6 Rc7 38. Rxd5 Rxc6 39.
Rxf5 g6 40. Rf4 Re6 41. Rxg4 Kh6 42. Rg5 Re7 43. Kg2 Re6 44. Kf1 Re7 45. Ke2 Re6 46. Rd5 Re7 47. Kf1 Re6 48. Kg2 Re7 49.
g4 Kg7 50. Rd6 Kh7 51. Kg3 Re8 52. Rf6 Re7 53. Kf4 Kg7 54. Rd6 Re8 55. Rd4 Rf8+ 56.
Kg3 Re8 57. g5 Re7 58. Rd6 Re8 59. Rd7+ Kg8 60. Kg4 1-0

[Event "Early-Titled-Tuesday-Blitz-February-13-2024"]
[Site "Chess.com"]
[Date "2024.02.13"]
[Round "10"]
[White "LaPiToB"]
[Black "KetiTsatsalashvili"]
[Result "0-1"]
[WhiteElo "2306"]
[BlackElo "2461"]
[TimeControl "180+1"]
[EndTime "9:59:53 PST"]
[Termination "KetiTsatsalashvili won on time"]

1. d4 Nf6 2. c4 e6 3. Nf3 d5 4. Nc3 Be7 5. Bf4 O-O 6. e3 b6 7. Bd3 Bb7 8. O-O Ne4 9. Rc1 c5 10. cxd5 exd5 11. dxc5 bxc5 12. Nb5 Nd7 13. Bxe4 dxe4 14.
Nd2 Nf6 15. Qc2 Qd3 16. Qxd3 exd3 17. Rfd1 Rfd8 18. Nc4 Bc6 19. Nc3 Nh5 20. Bc7 Rd7 21.
Ba5 Bd8 22. Bxd8 Raxd8 23. Ne5 Rc7 24. Nb1 Bb5 25. Nd2 f6 26. Nec4 g6 27. Rc3 Ng7 28.
Rdc1 Ba6 29. b3 Ne6 30. Na5 Rdc8 31. Kf1 Rd8 32. Ke1 f5 33. Nac4 Kf7 34. Nf3 Kf6 35. Kd2 g5 36. h3 g4 37. hxg4 fxg4 38. Nfe5 h5 39. Rh1 Ng5 40. f3 gxf3 41. gxf3 Bxc4 42.
Nxc4 Nxf3+ 43. Kd1 Rg7 44. Rf1 Rg1 45. Rxg1 Nxg1 46.
e4 Nf3 47. e5+ Nxe5 48. Ne3 h4 49. Rxc5 h3 50. Ra5 h2 51. Ra6+ Kg5 52. Kd2 h1=Q 0-1

[Event "Early-Titled-Tuesday-Blitz-February-13-2024"]
[Site "Chess.com"]
[Date "2024.02.13"]
[Round "10"]
[White "Jospem"]
[Black "K_A_S_T_O_R"]
[Result "1-0"]
[WhiteElo "3042"]
[BlackElo "2870"]
[TimeControl "180+1"]
[EndTime "9:59:54 PST"]
[Termination "Jospem won by checkmate"]

1. e4 c5 2. Nf3 d6 3. c3 Nf6 4. h3 g6 5. Bd3 Bg7 6. Bc2 e5 7. O-O O-O 8. d3 h6 9. Na3 Nc6 10. Nc4 Be6 11. a4 Qc7 12. Re1 Rfe8 13. Ne3 d5 14. c4 dxe4 15. dxe4 Nd4 16. Bd3 Rad8 17. Nd5 Nxd5 18. cxd5 Bd7 19. Nxd4 exd4 20. Qf3 g5 21. b3 f5 22. Bd2 f4 23. Rac1 Qd6 24.
a5 Be5 25. Be2 Rc8 26. b4 cxb4 27. Rb1 Rc3 28. Bxc3 dxc3 29. Qd3 Rc8 30. Bd1 Kg7 31. Qc2 Rc4 32. Qb3 Rd4 33. Bg4 Bb5 34. Be2 Be8 35.
Rbd1 Rxd1 36. Rxd1 Qc5 37. d6 Bf7 38. Qa4 c2 39. d7 Bf6 40. Rc1 b3 41. e5 Qxe5 42. Bc4 b2 43. Qxc2 bxc1=Q+ 44. Qxc1 Qc5 45. d8=Q Bxd8 46. Qb2+ Bf6 47. Qxb7 Qxc4 48. Qxa7 f3 49. gxf3 Qc1+ 50. Kg2 Qf4 51. a6 Be5 52. Qb7 Kg6 53.
Qc6+ Kh5 54. a7 Bc4 55. Qxc4 Qxc4 56. a8=Q Qf4 57. Qe8+ Kh4 58. Qc6 Qh2+ 59. Kf1 Qxh3+ 60. Ke2 Qf5 61. Qxh6# 1-0

[Event "Early-Titled-Tuesday-Blitz-February-13-2024"]
[Site "Chess.com"]
[Date "2024.02.13"]
[Round "10"]
[White "Dyadya81"]
[Black "kakarot_001"]
[Result "1-0"]
[WhiteElo "2824"]
[BlackElo "2665"]
[TimeControl "180+1"]
[EndTime "9:59:54 PST"]
[Termination "Dyadya81 won by checkmate"]

1. e4 e5 2. d4 exd4 3. Qxd4 Nc6 4. Qe3 Nf6 5. Nc3 Bb4 6. Bd2 O-O 7. O-O-O Re8 8. Bc4 d6 9. Nf3 Ng4 10. Qf4 Qf6 11.
Qxf6 Nxf6 12. Nb5 Bxd2+ 13. Rxd2 Nxe4 14. Re1 Bd7 15. Rde2 Nf6 16. Nxc7 Rxe2 17. Rxe2 Rc8 18. Nb5 d5 19. Bb3 Bg4 20. Nd6 Bxf3 21. gxf3 Rb8 22. c3 Kf8 23. Ba4 Ne7 24. Nb5 a6 25. Nd4 b5 26. Bc2 Ng6 27. Rd2 Nf4 28. a4 b4 29.
cxb4 Rxb4 30. Kb1 g6 31. Ka2 Rb6 32. Ka3 a5 33. Nb5 Ke7 34. b4 axb4+ 35. Kxb4 Rb8 36. a5 Ne6 37. Bd3 Ne8 38. Rc2 Nd6 39. Ka4 Nxb5 40. Bxb5 Rxb5 41. Kxb5 Nd4+ 42. Kb6 Nxc2 43.
a6 d4 44. a7 d3 45. a8=Q d2 46. Qe4+ Kf6 47. Qxc2 Kg5 48. Qxd2+ Kh5 49. Qf4 f5 50. h4 h6 51. Kc5 g5 52. Qxf5 Kxh4 53. Qg4# 1-0

[Event "Early-Titled-Tuesday-Blitz-February-13-2024"]
[Site "Chess.com"]
[Date "2024.02.13"]
[Round "10"]
[White "ValiantCeleb"]
[Black "AndresDelgado77"]
[Result "1-0"]
[WhiteElo "2217"]
[BlackElo "2341"]
[TimeControl "180+1"]
[EndTime "9:59:55 PST"]
[Termination "ValiantCeleb won by checkmate"]

1. d4 Nf6 2. Bf4 c5 3. e3 Qb6 4. Na3 Qxb2 5. Nb5 Nd5 6. a3 Nxf4 7. exf4 Na6 8. Bc4 d5 9. Ra2 Qxa2 10. Bxa2 c4 11.
Ne2 Bd7 12. Nbc3 e6 13. f5 Bxa3 14. fxe6 fxe6 15. O-O O-O 16. Nb1 Bd6 17. c3 Nc7 18. Nd2 b5 19. Nf3 a5 20. Ne5 Be8 21. Bb1 b4 22.
Qc2 g6 23. g3 Nb5 24. cxb4 axb4 25. Qd2 Na3 26. Qh6 Nxb1 27. Rxb1 c3 28. Qc1 Bb5 29. Nxc3 bxc3 30. Rxb5 Rfc8 31. Rb1 Ra2 32. Qd1 Rd2 33. Qc1 Rxd4 34. Nf3 Rd3 35. Ne1 Rd2 36. Rb3 Bc5 37. Rxc3 Rxf2 38. Kh1 Rf1+ 39. Kg2 Rxe1 40. Qxe1 Kg7 41.
Qc1 Rb8 42. Rxc5 Rb2+ 43. Qxb2+ Kh6 44. Qc3 Kh5 45. Qd2 g5 46. Qe2+ g4 47. Qxe6 Kg5 48. Rxd5# 1-0

[Event "Early-Titled-Tuesday-Blitz-February-13-2024"]
[Site "Chess.com"]
[Date "2024.02.13"]
[Round "10"]
[White "EvgenyBurmakin"]
[Black "regenda"]
[Result "0-1"]
[WhiteElo "2359"]
[BlackElo "2173"]
[TimeControl "180+1"]
[EndTime "9:59:55 PST"]
[Termination "regenda won on time"]

1. e4 c5 2. Nc3 e6 3. Nf3 Nc6 4. d4 cxd4 5. Nxd4 Qc7 6. Be3 a6 7. Be2 Nf6 8. f3 d5 9. exd5 exd5 10. Nxc6 bxc6 11. O-O Bd6 12. f4 O-O 13. Qd2 Re8 14. Rae1 Qa5 15. Bd4 Bc5 16. Bf3 Bf5 17. Kh1 Bxd4 18.
Qxd4 Bxc2 19. b4 Qa3 20. Rc1 Bf5 21. Qc5 Re6 22. Rfe1 Rae8 23. Rf1 Bd3 24. Rfd1 Bc4 25. h3 h5 26. f5 Re3 27. Nb1 Qxa2 28. Nd2 Bb5 29.
Nf1 R3e5 30. Ng3 h4 31. Nf1 Rxf5 32. Nh2 Rfe5 33. Ng4 Nxg4 34. Bxg4 Qb2 35. Bf3 Qa3 36. Qd6 Qe3 37. Qc5 Qxc5 38. Rxc5 Re1+ 39. Rxe1 Rxe1+ 40. Kh2 Rb1 41. Rc2 g6 42. Rd2 Rxb4 43. Rd1 a5 44.
Ra1 a4 45. Bd1 Kg7 46. Rc1 a3 47. Ra1 Rd4 48. Bc2 Ba4 0-1

[Event "Early-Titled-Tuesday-Blitz-February-13-2024"]
[Site "Chess.com"]
[Date "2024.02.13"]
[Round "10"]
[White "SmirnovTimofey2000"]
[Black "FredddieCroderg"]
[Result "1/2-1/2"]
[WhiteElo "1986"]
[BlackElo "2292"]
[TimeControl "180+1"]
[EndTime "9:59:55 PST"]
[Termination "Game drawn by repetition"]

1. e4 c6 2. d4 d5 3. e5 Be6 4.
Nf3 Qc8 5. Be2 h5 6. h4 Nh6 7.
Bxh6 Rxh6 8. Ng5 Bf5 9. c4 e6 10. g4 hxg4 11. Bxg4 Be7 12. Bxf5 Bxg5 13. Rg1 Bxh4 14. Rxg7 Kf8 15. Qg4 Qc7 16. Rg8+ Ke7 17. Bd3 dxc4 18. Bxc4 Qb6 19. b3 Qb4+ 20. Nd2 Bxf2+ 21.
Ke2 Rg6 22. Rxg6 fxg6 23. Rh1 Nd7 24. Qxe6+ Kd8 25. Rh8+ Kc7 26. Qd6+ Qxd6 27. exd6+ Kxd6 28. Rxa8 Bxd4 29. Rd8 Ke7 30. Ra8 Ne5 31. Nf3 Nxf3 32. Kxf3 b5 33. Bd3 Kf6 34. Rxa7 Bxa7 35. Be4 c5 36. Bc6 b4 37. Kg4 Bb8 38. Bd5 Be5 39.
Bc4 Bc3 40. Bg8 Bd2 41. Bc4 Ke5 42. Bg8 Kd4 43. Bc4 Kc3 44. Bg8 Kb2 45. Bc4 Kxa2 46.
Bg8 Kb2 47. Bc4 Kc3 48. Bg8 Kd4 49. Bc4 g5 50. Bg8 Bf4 51. Bc4 Ke5 52. Bg8 Ke4 53. Bc4 Ke5 54. Bg8 Kf6 55. Bc4 Kg7 56. Bd5 Kh8 57.
Bc4 Kh7 58. Bd5 Kg7 59. Bc4 Kf6 60. Bd5 Ke5 61. Bg8 1/2-1/2

[Event "Early-Titled-Tuesday-Blitz-February-13-2024"]
[Site "Chess.com"]
[Date "2024.02.13"]
[Round "10"]
[White "Roman_Ovetchkin"]
[Black "Flaccidmoves"]
[Result "1-0"]
[WhiteElo "2609"]
[BlackElo "2425"]
[TimeControl "180+1"]
[EndTime "9:59:57 PST"]
[Termination "Roman_Ovetchkin won by resignation"]

1. d4 Nf6 2. c4 g6 3. Nc3 Bg7 4. e4 O-O 5. h3 d6 6. Bg5 c5 7. d5 b5 8. cxb5 a6 9. a4 Qa5 10. Bd2 Nbd7 11. Nf3 e6 12. dxe6 fxe6 13. e5 Nxe5 14. Nxe5 dxe5 15. Bc4 axb5 16. Nxb5 Qb6 17. O-O Nd5 18. Re1 Bb7 19. Qg4 Rf5 20. Bd3 Raf8 21. Bxf5 gxf5 22. Qc4 Rf6 23. f3 Rg6 24. Kf1 Qc6 25. Ra3 Ba6 26. Rd3 h6 27. b3 Kh7 28.
Re2 Nc7 29. Rd6 Qxd6 30. Nxd6 Bxc4 31. Nxc4 e4 32. fxe4 fxe4 33. Rxe4 Bd4 34. Bf4 Nd5 35. Be5 Bxe5 36. Nxe5 Rg3 37. Nf3 Rg6 38. a5 e5 39.
Rxe5 Nf4 40. Rxc5 Ra6 41. b4 Nd3 42. Rb5 Kg7 43. Rb6 Rxb6 44. axb6 Nxb4 45. b7 Nc6 46.
Kf2 Nb8 47. Kg3 Kf6 48. Kg4 Kg6 49. Nh4+ Kf6 50. Kh5 Ke7 51. Kxh6 Kd6 52. g4 Kc7 53. g5 Kxb7 54. g6 Nd7 55. g7 Nf6 56. Kg6 Ng8 57. Nf5 Kc7 58. Kf7 1-0

[Event "Early-Titled-Tuesday-Blitz-February-13-2024"]
[Site "Chess.com"]
[Date "2024.02.13"]
[Round "10"]
[White "ChessLover0108"]
[Black "scarabee43"]
[Result "1-0"]
[WhiteElo "2993"]
[BlackElo "2869"]
[TimeControl "180+1"]
[EndTime "10:00:01 PST"]
[Termination "ChessLover0108 won by checkmate"]

1. d4 Nf6 2. c4 e6 3. Nf3 d5 4.
Nc3 Be7 5. Bg5 h6 6. Bh4 b6 7. e3 Bb7 8. Rc1 O-O 9. Qc2 Nbd7 10. cxd5 exd5 11. Be2 Ne4 12. Bg3 Nxg3 13. hxg3 c5 14. dxc5 bxc5 15. O-O Nb6 16. Rfd1 Rc8 17. b3 Qc7 18. e4 d4 19. Nb5 Qb8 20. e5 a6 21.
Na3 Nd5 22. Nc4 Nc3 23. Re1 Be4 24. Bd3 Bd5 25. Bh7+ Kh8 26. Bf5 Rcd8 27. e6 fxe6 28. Bxe6 Bxf3 29. gxf3 Bf6 30. Qg6 Bg5 31. Ne5 Bxc1 32.
Bf5 Rxf5 33. Qxf5 Bd2 34. Ng6+ Kg8 35. Re7 Rf8 36. Qe6+ Kh7 37. Nxf8+ Qxf8 38. Rf7 Qd8 39. Qf5+ Kg8 40. Rd7 Qf6 41. Qxc5 Qxf3 42. Qc7 Ne2+ 43. Kf1 Kh8 44. Qc8+ Kh7 45. Qc7 Kh8 46. Rd8+ Kh7 47.
Rd7 Nxg3+ 48. Qxg3 Qd1+ 49. Kg2 Bg5 50. Qf3 Qd2 51. Qf5+ Kh8 52. Qf8+ Kh7 53. Qxg7# 1-0

[Event "Early-Titled-Tuesday-Blitz-February-13-2024"]
[Site "Chess.com"]
[Date "2024.02.13"]
[Round "10"]
[White "Sychev_Klementy"]
[Black "GM_dmitrij"]
[Result "0-1"]
[WhiteElo "2916"]
[BlackElo "3056"]
[TimeControl "180+1"]
[EndTime "10:00:02 PST"]
[Termination "GM_dmitrij won on time"]

1. e4 c6 2. c4 d5 3. cxd5 cxd5 4. exd5 Nf6 5. Qa4+ Nbd7 6. Nc3 g6 7. Bc4 Bg7 8. Nf3 a6 9. O-O Rb8 10. Bb3 O-O 11.
Qf4 b5 12. Nd4 Nh5 13. Qe3 Bb7 14. Nc6 Bxc6 15. dxc6 Ne5 16. Qe4 Qc8 17. d4 Nxc6 18.
Be3 Nf6 19. Qh4 Qg4 20. Qxg4 Nxg4 21. h3 Nh6 22. d5 Nd4 23. g4 b4 24. Na4 Nxb3 25.
axb3 Rfd8 26. Rfd1 f5 27. g5 Nf7 28. Nc5 Rb5 29. Ne6 Rdxd5 30. Rxd5 Rxd5 31. Rxa6 Nd6 32. Ra8+ Kf7 33. Nd8+ Ke8 34. Ne6+ Kf7 35. Nd8+ Ke8 36.
Nc6+ Kd7 37. Nxb4 Rb5 38. Ra7+ Nb7 39. Nd3 Kd6 40. b4 e5 41. Nc5 Kc6 42. Ra6+ Kd5 43. Ne6 Rxb4 44. Nxg7 Rxb2 45. Ne8 f4 46. Nf6+ Kc4 47.
Rc6+ Kd3 48. Rd6+ Ke2 49. Rd7 fxe3 50. fxe3 Nc5 51. Rxh7 Kxe3 52. Re7 Nd3 53. h4 Kf3 54. Rf7 Nf4 0-1

[Event "Early-Titled-Tuesday-Blitz-February-13-2024"]
[Site "Chess.com"]
[Date "2024.02.13"]
[Round "10"]
[White "dealshark"]
[Black "db-banana"]
[Result "0-1"]
[WhiteElo "2330"]
[BlackElo "2489"]
[TimeControl "180+1"]
[EndTime "10:00:02 PST"]
[Termination "db-banana won by checkmate"]

1. Nf3 Nf6 2. c4 e6 3. Nc3 c5 4.
g3 Nc6 5. Bg2 d5 6. cxd5 exd5 7.
d4 Be7 8. O-O O-O 9. Bg5 Be6 10.
Rc1 Rc8 11. dxc5 Bxc5 12. e3 Be7 13. Ne2 h6 14. Bxf6 Bxf6 15. Ned4 Bg4 16. Qd2 Qd7 17. a3 b6 18. b4 a6 19. Nxc6 Rxc6 20. Rxc6 Qxc6 21.
Nd4 Qd7 22. Rc1 Bh3 23. Bxh3 Qxh3 24. Rc6 Rc8 25. Qc2 Re8 26. Ne2 d4 27. Nf4 Qg4 28.
Rxf6 gxf6 29. exd4 Qf3 30. Qc1 Qe4 31. d5 Qe1+ 32.
Qxe1 Rxe1+ 33. Kg2 Kf8 34. Nh5 Ke7 35. Kf3 Ra1 36. d6+ Kxd6 37. Nxf6 Rxa3+ 38. Kf4 Rb3 39. Ne4+ Ke7 40. Kf5 Rxb4 41. f4 Rb5+ 42. Kg4 f5+ 43.
Kf3 fxe4+ 44. Kxe4 Kf6 45. g4 Rc5 46. h3 a5 47. g5+ hxg5 48. fxg5+ Kxg5 49. h4+ Kxh4 50. Kd3 a4 51. Kd4 a3 52. Kd3 a2 53. Kd4 a1=Q+ 54. Kd3 Qc3+ 55. Ke4 Qb4+ 56. Kf3 Rc3+ 57. Ke2 Qb2+ 58. Kd1 Rc1# 0-1

[Event "Early-Titled-Tuesday-Blitz-February-13-2024"]
[Site "Chess.com"]
[Date "2024.02.13"]
[Round "10"]
[White "Chesstiger64"]
[Black "Chandradi"]
[Result "1-0"]
[WhiteElo "2334"]
[BlackElo "2490"]
[TimeControl "180+1"]
[EndTime "10:00:02 PST"]
[Termination "Chesstiger64 won on time"]

1. d4 Nf6 2. Nf3 b6 3. c4 Bb7 4.
Nc3 Ne4 5. Qc2 Nxc3 6. Qxc3 d6 7.
Qc2 g6 8. e4 Bg7 9. Be2 O-O 10.
Be3 a5 11. O-O e5 12. d5 a4 13. b4 axb3 14. axb3 Nd7 15. b4 h6 16. c5 bxc5 17.
bxc5 dxc5 18. Bxc5 Nxc5 19. Qxc5 Qd6 20. Qb5 Rxa1 21.
Rxa1 Bc8 22. Nd2 Bd7 23. Qc4 Bf6 24. Rc1 Bd8 25. h3 Kg7 26. Bg4 f5 27. Bf3 Rf7 28. Nb3 Qf6 29. Qe2 Qg5 30. exf5 Qxf5 31. Be4 Qg5 32.
Rc3 Rf4 33. Rg3 Qh4 34. Bxg6 Bg5 35. Bd3 e4 36. Bc2 Kf7 37. Nc5 Bf5 38. Bb3 Ke7 39. Ne6 Bxe6 40. dxe6 Rf8 41. Qb5 Rd8 42. Qc5+ Kf6 43. e7 Rb8 44. Qxc7 Qf4 45. Qxf4+ Bxf4 46. Rg4 Bd6 47. Bc2 Bxe7 48. g3 Rb2 49. Bxe4 Bc5 50.
Rf4+ Ke6 51. Kg2 Ke5 52. Rf5+ Kd6 53. Bd5 h5 54. h4 Bd4 55. Bf7 1-0

[Event "Early-Titled-Tuesday-Blitz-February-13-2024"]
[Site "Chess.com"]
[Date "2024.02.13"]
[Round "10"]
[White "Barbix1"]
[Black "RaugintaBulba"]
[Result "0-1"]
[WhiteElo "2284"]
[BlackElo "2430"]
[TimeControl "180+1"]
[EndTime "10:00:02 PST"]
[Termination "RaugintaBulba won on time"]

1. d4 e5 2. dxe5 Nc6 3. Nf3 Bc5 4. Bf4 Nge7 5. e3 Ng6 6. Bg3 O-O 7. Bc4 Re8 8.
Bxf7+ Kxf7 9. Qd5+ Kf8 10. Qxc5+ Kg8 11. O-O Ncxe5 12. Bxe5 Nxe5 13. Nxe5 d6 14. Qd5+ Be6 15. Qxb7 dxe5 16. Nc3 Rb8 17. Qxa7 Rxb2 18. Rfd1 Qg5 19.
Qxc7 Rb4 20. Qc6 Bf7 21. Ne4 Qh5 22. Nd6 Rf8 23. Nxf7 Qxf7 24. Rd2 Qxa2 25. Rad1 Qc4 26. Qxc4+ Rxc4 27. Rc1 Rfc8 28. Kf1 Kf7 29. Ke2 Ke6 30. Kd1 R4c6 31. Rd3 Rf8 32. Rd2 Rfc8 33. e4 Rc4 34.
f3 g5 35. Rd3 R4c6 36. c3 h5 37. Kd2 Rb8 38. Rc2 Rb1 39. Rd5 Rg1 40. Ke3 Re1+ 41. Kf2 Rb1 42. c4 Rb8 43. c5 Rbc8 44. Ke2 Rb8 45. Kd3 Ra8 46. Rb2 Ra3+ 47. Kc2 Ra5 48.
Rb6 Rxc5+ 49. Rxc5 Rxb6 50. Rc8 Kf6 51. Rf8+ Kg6 52.
Re8 Kf6 53. Kc3 Ra6 54. Kc4 Ra2 55. Kd5 Rd2+ 56. Kc6 Rxg2 57. Rf8+ Kg6 58. Rf5 Rxh2 59. Rxe5 h4 60. Re6+ Kf7 61. Rh6 Rf2 62. e5 Rxf3 63.
e6+ Ke7 64. Kd5 Rf5+ 65. Ke4 Rf6 66. Rh7+ Kxe6 67. Rg7 Rf4+ 68. Ke3 Kf5 69. Rf7+ Kg4 70. Rg7 h3 71. Rh7 Rf3+ 72. Ke2 Kg3 0-1

[Event "Early-Titled-Tuesday-Blitz-February-13-2024"]
[Site "Chess.com"]
[Date "2024.02.13"]
[Round "10"]
[White "GianmarcoVaR"]
[Black "ChainedDowntohell"]
[Result "1-0"]
[WhiteElo "2723"]
[BlackElo "2550"]
[TimeControl "180+1"]
[EndTime "10:00:03 PST"]
[Termination "GianmarcoVaR won on time"]

1. e4 e6 2. d4 a6 3. Bd3 d5 4. Nf3 dxe4 5. Bxe4 Nf6 6. Bg5 h6 7. Bxf6 Qxf6 8. c3 Bd6 9. Nbd2 O-O 10. Nc4 Rd8 11.
a4 Nd7 12. O-O Be7 13. Qe2 Rb8 14. Rfd1 c5 15. a5 Qf4 16. d5 Nf6 17. d6 Bxd6 18. Nxd6 Rxd6 19. Rxd6 Qxd6 20. Ne5 Qc7 21. Nc4 Bd7 22. Nb6 Nxe4 23. Qxe4 Bc6 24. Qe2 Rd8 25. Rd1 Rd6 26. Nc4 Rxd1+ 27. Qxd1 Qd7 28. Qxd7 Bxd7 29. f4 Kf8 30. Kf2 Ke7 31. Ke3 g5 32. h3 f6 33.
g3 Bc6 34. h4 gxh4 35. gxh4 Kf7 36. Nd6+ Kg6 37. Kf2 Kh5 38. Kg3 Bd5 39. Ne8 Kg6 40. Nd6 e5 41. Kg4 h5+ 42. Kg3 e4 43. Kf2 f5 44.
Ke3 Kf6 45. Nc8 Ke6 46. Nb6 Bc6 47. Nc4 Bd5 48. Nd2 Bc6 49. Nf1 Bb5 50. Ng3 Kd5 51.
Nxf5 Bd7 52. Ng3 1-0

[Event "Early-Titled-Tuesday-Blitz-February-13-2024"]
[Site "Chess.com"]
[Date "2024.02.13"]
[Round "10"]
[White "PepeCuenca"]
[Black "Aash20"]
[Result "1-0"]
[WhiteElo "2682"]
[BlackElo "2455"]
[TimeControl "180+1"]
[EndTime "10:00:03 PST"]
[Termination "PepeCuenca won by resignation"]

1. c4 c5 2. Nf3 Nc6 3. d4 cxd4 4. Nxd4 g6 5. e4 Bg7 6. Be3 d6 7. Nc3 Nf6 8. Be2 O-O 9. O-O Nxd4 10. Bxd4 Be6 11. Qd3 a6 12. b3 Rc8 13. f4 Qa5 14. a4 Rfd8 15. Qe3 Qb4 16. Rab1 Ng4 17. Bxg4 Bxd4 18. Qxd4 Bxg4 19. Nd5 Qc5 20. Nxe7+ Kf8 21. Qxc5 Rxc5 22. Nd5 Be6 23. Nc3 f5 24. Rbd1 b5 25.
axb5 axb5 26. Nxb5 fxe4 27. Rxd6 Rxd6 28. Nxd6 Bf5 29.
Re1 Rc6 30. Nb5 Rb6 31. Kf2 Ke7 32. h3 h5 33. g4 hxg4 34. hxg4 Bxg4 35. Rxe4+ Kf6 36.
Rd4 Rb8 37. Rd6+ Kf5 38. Kg3 Bh5 39. Nd4+ Ke4 40. c5 Rb4 41. c6 g5 42. c7 gxf4+ 43. Kh4 Rxd4 44. Rxd4+ Kxd4 45. c8=Q f3 46. Kxh5 Ke3 47.
Qe6+ Kd2 48. Qd5+ Ke2 49. Qe4+ Kf2 50. Kg4 Kg1 51. Qxf3 Kh2 52. Qd3 Kg1 53. Qd2 1-0

[Event "Early-Titled-Tuesday-Blitz-February-13-2024"]
[Site "Chess.com"]
[Date "2024.02.13"]
[Round "10"]
[White "Binary010"]
[Black "AlexPapasimakopoulos"]
[Result "0-1"]
[WhiteElo "2882"]
[BlackElo "2742"]
[TimeControl "180+1"]
[EndTime "10:00:04 PST"]
[Termination "AlexPapasimakopoulos won by resignation"]

1. e4 e6 2. d4 d5 3. Nd2 Nf6 4. e5 Nfd7 5. Bd3 c5 6. c3 b5 7. Ne2 b4 8. O-O bxc3 9. bxc3 Be7 10. Nf3 Ba6 11. Bxa6 Nxa6 12. Qa4 Qc8 13. c4 O-O 14. cxd5 Nb6 15. Qc2 Nxd5 16. Ng5 Bxg5 17. Bxg5 cxd4 18. Nxd4 Qxc2 19. Nxc2 Rfc8 20. Rfc1 h6 21. Bd2 Nc5 22. Ne3 Nf4 23. Kf1 Nfd3 24. Rc3 Rd8 25. Be1 Rab8 26. Rd1 Kf8 27. Ra3 Nxe1 28. Rxd8+ Rxd8 29. Kxe1 Rd7 30. Ra5 Ne4 31. f3 Nc3 32. Nc4 f6 33. exf6 gxf6 34.
Ra3 Nd5 35. g3 Rc7 36. Nd2 Kf7 37. Ne4 f5 38. Nd2 Kf6 39. Ra6 Nb4 40. Ra4 Nd3+ 41. Ke2 Nc1+ 42. Kd1 Nd3 43. Ke2 Nc1+ 44. Kd1 h5 45. h4 Nd3 46. Ke2 Ne5 47. Ra5 Rc2 48. Kd1 Rxd2+ 49. Kxd2 Nc4+ 50. Kc3 Nxa5 51. Kd4 e5+ 52.
Kd5 Nb7 53. a4 a5 54. Kc4 Nd6+ 55. Kd5 Nc8 56. Kc5 e4 57. fxe4 fxe4 58. Kd4 Kf5 0-1

[Event "Early-Titled-Tuesday-Blitz-February-13-2024"]
[Site "Chess.com"]
[Date "2024.02.13"]
[Round "10"]
[White "abelmat"]
[Black "rcmz"]
[Result "1-0"]
[WhiteElo "2086"]
[BlackElo "2168"]
[TimeControl "180+1"]
[EndTime "10:00:04 PST"]
[Termination "abelmat won on time"]

1. d4 d6 2. c4 Nd7 3. Nc3 h6 4.
e4 c6 5. Be3 Qc7 6. f3 g5 7.
Nge2 Bg7 8. Qd2 Nf8 9. O-O-O Qa5 10. Kb1 b5 11. Nc1 b4 12. Nb3 Qc7 13. Ne2 a5 14. c5 Nf6 15. cxd6 exd6 16. Ng3 Be6 17. d5 cxd5 18. Bb5+ N8d7 19. Nf5 Bxf5 20. exf5 Kf8 21. h4 g4 22. Bd4 Rb8 23. Bxd7 Qxd7 24. fxg4 Nxg4 25. Bxg7+ Kxg7 26. Qd4+ Nf6 27. g4 a4 28. Nc1 a3 29. g5 hxg5 30. hxg5 Qxf5+ 31. Nd3 Rxh1 32. Rxh1 b3 33. Qxf6+ Qxf6 34. gxf6+ Kxf6 35. Rf1+ Ke7 36. bxa3 bxa2+ 37. Kxa2 Rc8 38. Kb3 d4 39. Kb2 Rc3 40. Nb4 Rc5 41. Re1+ Kd7 42. a4 f5 43.
Rf1 Re5 44. Nd3 Ra5 45. Kb3 Ke6 46. Re1+ Kf6 47. Kb4 1-0

[Event "Early-Titled-Tuesday-Blitz-February-13-2024"]
[Site "Chess.com"]
[Date "2024.02.13"]
[Round "10"]
[White "Adar_07"]
[Black "edgarhay012"]
[Result "1/2-1/2"]
[WhiteElo "2802"]
[BlackElo "2640"]
[TimeControl "180+1"]
[EndTime "10:00:07 PST"]
[Termination "Game drawn - insufficient material"]

1. e4 c5 2. Nf3 e6 3. d4 cxd4 4. Nxd4 Nf6 5. Nc3 Nc6 6. Ndb5 Bb4 7. a3 Bxc3+ 8. Nxc3 d5 9. exd5 exd5 10. Bd3 O-O 11.
O-O h6 12. b4 Re8 13. Re1 Bg4 14. Rxe8+ Qxe8 15. f3 Be6 16. Nb5 Qd8 17. Be3 d4 18. Bf4 Nd5 19. Qd2 a6 20. Nd6 Nxf4 21. Qxf4 Qc7 22.
Qg3 Rd8 23. Ne4 Qxg3 24. hxg3 Ne5 25. Bf1 Rc8 26. Nc5 Bd5 27. Rd1 b6 28. Nxa6 Rxc2 29. Rxd4 Bc4 30. Rd8+ Kh7 31. Bxc4 Nxc4 32. Rd3 Ra2 33.
Nc7 Nxa3 34. Rd7 Nc4 35. Rxf7 Ne3 36. Kh2 Rxg2+ 37. Kh3 Rg1 38. g4 Kg6 39. Re7 Nc4 40. Ne8 Kg5 41. Rxg7+ Kf4 42. Rf7+ Ke3 43. Nf6 Ne5 44.
Re7 Kxf3 45. Kh2 Rg2+ 46. Kh1 Re2 47. Re6 Kg3 48. Nh5+ Kxg4 49. Rxh6 Nf3 50. Ng7 Kg3 51. Rg6+ Kh3 52. Rh6+ Nh4 53. Kg1 Kg3 54. Kf1 Rf2+ 55.
Ke1 Ng2+ 56. Kd1 Ne3+ 57. Kc1 Nd5 58. Rd6 Nxb4 59. Rg6+ Kh2 60. Rxb6 Nd3+ 61. Kd1 Nb2+ 62. Kc1 Nd3+ 63. Kb1 Rb2+ 64. Rxb2+ Nxb2 1/2-1/2